 Dungeon Crawl Stone Soup version 0.25-a0-578-gc91f01c39c (webtiles) character file.

Game seed: 6284215776143391503, levelgen mode: deterministic

156 Flugslaktarn the Shield-Bearer (level 5, -9/49 HPs)
             Began as a Deep Dwarf Fighter on Mar 3, 2020.
             Mangled by an ogre
             ... wielding a +0 giant club
              (24 damage)
             ... on level 4 of the Dungeon.
             The game lasted 00:00:24 (529 turns).

Flugslaktarn the Shield-Bearer (Deep Dwarf Fighter)  Turns: 529, Time: 00:00:25

Health: -9/49      AC:  7    Str: 21    XL:     5   Next: 15%
Magic:  3/3        EV:  7    Int:  8    God:
Gold:   11         SH:  9    Dex: 12    Spells: 4/4 levels left

rFire    . . .     SeeInvis .   a - +0 war axe
rCold    . . .     Gourm    .   c - +0 kite shield
rNeg     . . .     Faith    .   b - +0 scale mail
rPois    .         Spirit   .   (no helmet)
rElec    .         Reflect  .   (no cloak)
rCorr    .         Harm     .   (no gloves)
MR       .....                  (no boots)
Stlth    ..........             (no amulet)
HPRegen  0.00/turn              (no ring)
MPRegen  0.08/turn              (no ring)

@: non-regenerating
A: damage resistance, heal wounds, sense surroundings 1, no regeneration
a: Heal Wounds


You were on level 4 of the Dungeon.
You were not hungry.

You visited 1 branch of the dungeon, and saw 4 of its levels.

You collected 11 gold pieces.

Inventory:

Hand Weapons
 a - a +0 war axe (weapon)
Armour
 b - a +0 scale mail (worn)
 c - a +0 kite shield (worn)
Jewellery
 g - an uncursed ring of protection from fire {unknown}
   (You found it on level 1 of the Dungeon)
 j - an uncursed amulet of the acrobat {unknown}
   (You found it on level 4 of the Dungeon)
Scrolls
 h - a scroll of identify {unknown}
 i - a scroll of random uselessness {unknown}
Potions
 d - a potion of might
Comestibles
 e - 4 rations
 f - 2 chunks of flesh


   Skills:
 + Level 3.3 Fighting
 * Level 4.1 Axes
 + Level 4.1 Armour
 + Level 4.1 Shields


You had 4 spell levels left.
You didn't know any spells.
Your spell library was empty.

Dungeon Overview and Level Annotations

Branches:
Dungeon (4/15)
 Temple: D:4-7

Altars:


Innate Abilities, Weirdness & Mutations

You are resistant to damage.
You can heal yourself by infusing magical energy.
You passively map a small area around you.
You do not regenerate.


Message History

You block the jackal's attack. The jackal barely misses you.
You slash the jackal!
You kill the jackal!
The ogre barely misses you.
Your shield and scale mail prevent you from hitting the ogre.
The ogre is heavily wounded.
The ogre hits you with a +0 giant club!
* * * LOW HITPOINT WARNING * * *
You are too injured to fight recklessly!
You are too injured to fight recklessly!
You are too injured to fight recklessly!
You feel much better.
You hit the ogre.
The ogre is heavily wounded.
The ogre hits you with a +0 giant club!!
You hit the ogre.
The ogre is severely wounded.
You block the ogre's attack.
The ogre hits you with a +0 giant club!!
You die...

##################
.......).†.......#
################.#
#@# #O# * *
#.S....... * * , ,
, ........... *
***##..........
........<..
.#.......... ,
............. , *
.....#.[......


You could see an ogre and a ball python.

Vanquished Creatures
  An ogre (D:4)
  A scorpion (D:4)
  An adder (D:3)
  A worm (D:3)
  A leopard gecko (D:2)
  2 bats (D:1)
  2 giant cockroaches (D:1)
  A goblin (D:1)
  2 hobgoblins
  2 jackals (D:4)
  2 ball pythons (D:1)
  A frilled lizard (D:1)
  A kobold (D:3)
  2 rats
20 creatures vanquished.

Notes
Turn   | Place    | Note
-------+----------+-------------------------------------------
     0 | D:1      | Flugslaktarn the Deep Dwarf Fighter began the quest for the
                  | Orb.
     0 | D:1      | Reached XP level 1. HP: 20/20 MP: 1/1
     1 | D:1      | Noticed an electric eel
   258 | D:1      | Reached XP level 2. HP: 27/27 MP: 2/2
   455 | D:3      | Reached XP level 3. HP: 31/33 MP: 3/3
   480 | D:4      | Noticed a scorpion
   482 | D:4      | Noticed an ogre
   489 | D:4      | Killed a scorpion
   489 | D:4      | Reached XP level 4. HP: 27/42 MP: 4/4
   500 | D:4      | Killed an ogre
   500 | D:4      | Reached XP level 5. HP: 42/49 MP: 4/4
   510 | D:4      | Noticed an ogre
   529 | D:4      | Mangled by an ogre

Levels and vault maps discovered:
D:1:      arrival_aquarium_a, layout_loops_corners
D:2:      layout_basic, old_standard_altar
D:3:      layout_basic, gammafunk_temple_overflow_statue,
          nicolae_qazlal_style_of_elements, uniq_natasha
D:4:      layout_basic, elyvilon_altar_5, demons_altar, serial_shops,
          kennysheep_mini, first_ration, uniq_grinder

Skill      XL: |  1  2  3  4 |
---------------+-------------+-----
Axes           | 3 4 |  4.1
Fighting       | 3 |  3.3
Armour         | 4 |  4.1
Shields        | 4 |  4.1

Action                   |  1- 3 |  4- 6 || total
-------------------------+-------+-------++-------
Melee: War axe           |    50 |    21 ||    71
 Abil: Heal Wounds       |       |     3 ||     3
Armor: Scale mail        |    29 |     2 ||    31
Dodge: Dodged            |     7 |    10 ||    17
Block: Kite shield       |    29 |    10 ||    39

Table legend:
 A = Non-vault XP
 B = Vault XP
 C = Vault XP percentage of total XP
 D = Non-vault monster count
 E = Vault monster count
 F = Vault count percentage of total count
                 A         B        C        D         E       F
            +---------+---------+-------+---------+---------+-------
      Total |     224 |       0 |   0.0 |      20 |       0 |   0.0
            +---------+---------+-------+---------+---------+-------
        D:1 |      16 |       0 |   0.0 |      10 |       0 |   0.0
        D:2 |       3 |       0 |   0.0 |       1 |       0 |   0.0
        D:3 |      22 |       0 |   0.0 |       5 |       0 |   0.0
        D:4 |     183 |       0 |   0.0 |       4 |       0 |   0.0
            +---------+---------+-------+---------+---------+-------
